[Event "7th Sharjah Masters 2024"]
[Site "Sharjah"]
[Date "2024.05.19"]
[Round "6.10"]
[White "Nihal Sarin"]
[Black "Muradli, Mahammad"]
[Result "1/2-1/2"]
[ECO "B90"]
[WhiteElo "2680"]
[BlackElo "2561"]
[Annotator "TA"]
[PlyCount "66"]
[EventDate "2024.05.13"]
[EventType "swiss"]
[EventCountry "UAE"]
[SourceTitle "playchess.com"]
[Source "ChessBase"]
[SourceQuality "1"]
[TimeControl "5400+30"]

1. e4 c5 2. Nf3 d6 3. d4 cxd4 4. Nxd4 Nf6 5. Nc3 a6 6. Be3 e5 7. Nb3 Be6 8. f3 h5 9. Nd5 Bxd5 10. exd5 Nbd7 11. Qd2 {[%emt 0:00:24] White is slightly better.} g6 12. O-O-O Nb6 13. Kb1 Nfxd5 14. Bg5 (14. Bf2 {simplifies} Nf6 15. Bh4 Be7 16. Bxf6 Bxf6 17. Qxd6 Qxd6 18. Rxd6 Bd8 19. Rd2) 14... Be7 15. Bxe7 Qxe7 16. Qa5 (16. c4 {simplifies} Nf6 17. Qxd6 Qxd6 18. Rxd6 Nbd7 19. Be2) 16... Ne3 17. Qxb6 Nxd1 18. Bc4 Rc8 {[%emt 0:01:46] [#] Threatens to win with ...Nc3+.} 19. Bd5 Nxb2 20. Kxb2 Qc7 21. Qf2 {[%emt 0:00:05] Active counter play!} (21. Qxb7 Qc3+ (21... Qxc2+ 22. Ka3 $17) 22. Kb1 (22. Ka3 O-O $17) 22... Qxc2+ 23. Ka1 Qc3+ 24. Kb1 O-O $17) 21... a5 (21... Qc3+ $15 22. Kc1 Rc7) 22. c4 a4 {[%emt 0:07:06] The position is equal.} 23. Nd2 {[%emt 0:00:09] Black must now prevent Ne4.} b5 $1 24. Kc2 {[%emt 0:03:06] [#] Rb1 would now be deadly.} (24. cxb5 Qc3+ 25. Kb1 Qc2+ (25... Qd3+ 26. Ka1 $19) 26. Ka1 a3 (26... Qc3+ 27. Kb1 Qc2+ 28. Ka1 a3 29. Nc4 Qxf2 30. Nxa3 Qd4+ 31. Kb1 Qxd5 32. h3 Qd3+ 33. Kb2 Qc3+ 34. Kb1 Qxa3 35. g4 Qb4+ 36. Ka1 Rc2 37. Rb1 Qd4+ 38. Rb2 Qxb2#) 27. Nb1 Qxf2 28. Nxa3 Qd4+ (28... Qxg2 $2 29. Rd1 $19) 29. Kb1 Qxd5 30. h3 Qc5 (30... Qd3+ 31. Kb2 Qd4+ 32. Kb1 Qb4+ 33. Ka1 Qxa3 34. Kb1 Qb4+ 35. Ka1 Rc2 36. Rb1 Qd4+ 37. Rb2 Qxb2#) 31. Kb2 Qc3+ 32. Kb1 Qxa3 33. g3 Qd3+ (33... Qxf3 34. Re1 Qd3+ 35. Ka1 Qc3+ 36. Kb1 Qxe1+ 37. Kb2 Qc3+ 38. Kb1 Qc1#) 34. Ka1 Rc2 (34... Qxb5 35. Rb1 Qc5 36. Rb7 Qc3+ 37. Rb2 Rb8 38. h4 Qxb2#) 35. Rg1 Qd4+ 36. Kb1 Qb2#) 24... bxc4 25. Rb1 O-O 26. Rb7 Qa5 27. Ne4 $1 Kg7 {[%emt 0:01:07] Prevents Nf6} 28. Bxf7 {[%emt 0:09:59][%cal Of2h4] aiming for Qh4!} Rc7 $1 (28... Rxf7 29. Rxf7+ (29. Nxd6 $2 Rxb7 30. Nxb7 Qd5 $19) 29... Kxf7 30. Nxd6+ Kg8 31. Nxc8 $14) 29. Qh4 {[%emt 0:08:10] The board is on fire.} Rfxf7 ({And not} 29... Rxb7 30. Qf6+ (30. Bxc4 $2 {too greedy.} Qb4 $19) 30... Kh7 31. Qxg6+ Kh8 32. Qh6#) 30. Qd8 {[%emt 0:00:48] White threatens Rb8 and mate.} Qd5 31. Rxc7 Qd3+ 32. Kc1 {[%emt 0:00:42] White wants to mate with Qf6+.} (32. Kb2 $5 a3+ $8 33. Kc1 Qf1+ 34. Kc2 Qd3+ 35. Kc1 Qf1+ 36. Kc2 Qd3+ 37. Kc1 $11) 32... Qf1+ 33. Kc2 {[%emt 0:00:08] Qf6+ would kill now.} Qd3+ {[%emt 0:00:08] Weighted Error Value: White=0.04 (flawless) /Black=0.05 (flawless) .  Mistake:       	---       	Black=1      Inaccurate:     	White=1     	---        OK:         	White=9     	Black=16     Best:        	White=3     	Black=3      Strong:       	White=1     	Black=2} 1/2-1/2

[Event "7th Sharjah Masters 2024"]
[Site "Sharjah"]
[Date "2024.05.19"]
[Round "6.11"]
[White "Suleymanli, Aydin"]
[Black "Martirosyan, Haik M."]
[Result "1-0"]
[ECO "C67"]
[WhiteElo "2621"]
[BlackElo "2679"]
[Annotator "TA"]
[PlyCount "77"]
[EventDate "2024.05.13"]
[EventType "swiss"]
[EventCountry "UAE"]
[SourceTitle "playchess.com"]
[Source "ChessBase"]
[SourceQuality "1"]
[TimeControl "5400+30"]

1. e4 e5 2. Nf3 Nc6 3. Bb5 Nf6 4. O-O Nxe4 5. Re1 Nd6 6. Nxe5 Be7 7. Bf1 Nxe5 8. Rxe5 O-O 9. d4 Bf6 10. Re1 Nf5 11. d5 d6 12. Nd2 Bg5 {[%emt 0:04:20] White is slightly better.} 13. a4 Ne7 14. Qf3 Ng6 15. a5 a6 16. Qb3 Ne5 17. g3 Nd7 18. h4 Bh6 19. Nf3 Bxc1 20. Raxc1 Nf6 21. c4 c5 (21... Bg4 $14) 22. dxc6 $16 bxc6 23. c5 Be6 24. Qa3 (24. Rxe6 fxe6 25. Qxe6+ Kh8) 24... dxc5 25. Qxc5 Bd5 26. Nd4 Rb8 (26... Ne4 $16 27. Qc2 (27. Nxc6 Nxc5 28. Nxd8 Nb3 $19) 27... f5) 27. b4 $18 (27. Nxc6 Bxc6 28. Qxc6 Qxa5 $16) 27... Ng4 (27... Ne4 $142 28. Nxc6 Bxc6 29. Qxc6 Nd2) 28. Nxc6 {[%emt 0:03:46] Active counter play!} Bxc6 29. Qxc6 {[%emt 0:00:01] Rcd1 is the strong threat.} Rxb4 30. Qc5 (30. Bxa6 Qxa5 31. Re8 Rd4 $16) 30... Rd4 31. Be2 {[%emt 0:03:15][%cal Oc1d1] [#] Threatens to win with Rcd1!} (31. Bxa6 $6 Rd5 32. Qc2 Qxa5 $11) 31... Rd5 32. Qb6 Nf6 (32... h5 $16 {was necessary.}) 33. Red1 ({Stronger than} 33. Bxa6 Rxa5 34. Qxd8 Rxd8 $11) (33. Qxa6 Qxa5 34. Qc4 Re8 $11) 33... h5 34. Rxd5 ({And not} 34. Qxa6 Qxa5 35. Qxa5 Rxa5 $11) 34... Qxd5 35. Qxa6 ({Resist} 35. Bxa6 Qd2 36. Ra1 Kh8) 35... Ne4 36. Qd3 {[%emt 0:02:00] Inhibits Qd4.} Qa8 (36... Qf5 $142 37. Qf3 Nxg3) 37. a6 {[%emt 0:00:36][%cal Oe2f3] [#] Strongly threatening Bf3!} Re8 38. Bf3 {[%emt 0:00:53][%cal Oc1c7] And now Rc7! would win.} f5 39. Rc7 {[%emt 0:00:47] Weighted Error Value: White=0.17 (very precise) /Black=0.65.  Mistake:       	---       	Black=5      Inaccurate:     	White=2     	Black=3      OK:         	White=11    	Black=6      Best:        	White=2     	Black=1} 1-0

[Event "7th Sharjah Masters 2024"]
[Site "Sharjah"]
[Date "2024.05.19"]
[Round "6.12"]
[White "Iniyan, Pa"]
[Black "Nguyen, Thai Dai Van"]
[Result "1/2-1/2"]
[ECO "D43"]
[WhiteElo "2497"]
[BlackElo "2650"]
[Annotator "TA"]
[PlyCount "86"]
[EventDate "2024.05.13"]
[EventType "swiss"]
[EventCountry "UAE"]
[SourceTitle "playchess.com"]
[Source "ChessBase"]
[SourceQuality "1"]
[TimeControl "5400+30"]

1. d4 d5 2. c4 c6 3. Nf3 Nf6 4. Nc3 e6 5. Bg5 h6 6. Bxf6 Qxf6 7. e3 Nd7 8. Bd3 dxc4 9. Bxc4 g6 10. O-O Bg7 11. b4 O-O 12. a4 e5 {[%emt 0:00:30] D43: Semi-Slav: 5 Bg5 h6.} 13. a5 exd4 14. exd4 Qd6 15. Qb3 b5 16. axb6 Nxb6 17. Ne4 Qf4 18. Rfe1 Bf5 $146 ({Predecessor:} 18... Bg4 19. Ne5 Bxe5 20. g3 Qf5 21. Ra5 Nxc4 22. Qxc4 Bf3 {½-½ Svane,H (2325)-Pedersen,S (2110) DEN-ch corr Denmark 1996}) 19. Ng3 Bd7 20. Bd3 Rae8 (20... Nd5 $11) 21. Bxg6 $14 (21. Rxa7 Rxe1+ (21... Bxd4 22. Rxe8 Rxe8 23. Ne2 $18) 22. Nxe1 Bxd4 $17 (22... Qxd4 23. Nf3 $17)) 21... Be6 22. Rxe6 $1 (22. d5 Bxd5 (22... fxg6 23. dxe6 Bxa1 24. Rxa1 $15) 23. Qc2 Rxe1+ (23... fxg6 $2 24. Qxg6 Rxe1+ 25. Rxe1 $19) (23... Qxb4 24. Rxe8 Rxe8 25. Bh7+ Kf8 26. Rxa7 $11) 24. Rxe1 fxg6 $19) 22... Rxe6 23. Bc2 (23. Bf5 $14 Rd6 (23... Bxd4 24. Nxd4 Qxd4 25. Rd1 $16) 24. Qc2 Rxd4 25. Nxd4 (25. Qxc6 $2 Rc4 $19) 25... Qxd4 26. Rxa7) 23... Nd5 (23... Bxd4 $15 24. Qd3 Rd8 (24... Bxa1 25. Qh7#) 25. Qh7+ (25. Rxa7 $2 Bxf2+ 26. Kh1 Rxd3 $19) (25. Ne2 $2 Rxe2 26. Qxe2 Bxa1 $19) 25... Kf8) 24. h3 Rfe8 (24... Bxd4 25. Qd3 (25. Nh5 Bxf2+ 26. Kxf2 Qxb4 $16) 25... Bxf2+ 26. Kxf2 $14) 25. Nh5 Qc7 26. g3 ({White should try} 26. Qd3 $14 Rg6 27. Qa3) 26... Re3 $11 27. fxe3 Rxe3 28. Bd3 (28. Re1 $1 $11 Rxb3 29. Re8+ Bf8 30. Bxb3) 28... Rxf3 $17 29. Kg2 {[%emt 0:00:30] [#]} Re3 $1 (29... Bxd4 30. Kxf3 Bxa1 31. Nf4) 30. Rf1 Bxd4 31. Kh2 Be5 32. Qd1 Rxg3 (32... Nxb4 33. Qg4+ Kh8 34. Qxb4 Bxg3+ (34... Rxd3 35. Qf8+ Kh7 36. Rxf7+) (34... c5 $2 35. Qc4 $18) 35. Kg1 $18) (32... Bxg3+ 33. Kh1 Qe5 (33... Nxb4 $2 34. Qg4+ Kf8 35. Qg7+ Ke8 36. Qg8+ Kd7 37. Rxf7+ Re7 38. Nf6+ Kd6 39. Qxg3+ Kc5 40. Qf2+ Kd6 41. Ne4+ Rxe4 42. Bxe4 $18) 34. Qg4+ Kf8 35. Bc4 $17) (32... Kf8 $19 33. Kh1 Ke7 (33... Bxg3 34. Qg4 $17) (33... Nxb4 $2 34. Bg6 $18)) 33. Nxg3 $15 Bxg3+ 34. Kg1 {[%emt 0:00:30] [#]} Ne3 (34... Nxb4 $2 {loses.} 35. Qg4+ Kf8 36. Qxb4+ Qe7 37. Qc4 $18 (37. Qxe7+ Kxe7 38. Rf5 Bc7 $18)) (34... Bh2+ $1 $17 35. Kh1 Ne3 (35... Nxb4 $2 {is the wrong capture.} 36. Qg4+ Kf8 37. Qxb4+ Bd6 38. Qg4 $18)) 35. Qd2 $1 $15 Nxf1 36. Qxh6 Qb6+ ({Better is} 36... Qf4 $15 37. Qxf4 Bxf4 38. Kxf1 Kg7) 37. Kh1 $1 $11 Qe3 38. Bh7+ $1 Kh8 39. Qf8+ Kxh7 40. Qxf7+ Kh6 41. Qf6+ Kh7 42. Qf7+ Kh6 43. Qf6+ Kh7 1/2-1/2

[Event "7th Sharjah Masters 2024"]
[Site "Sharjah"]
[Date "2024.05.19"]
[Round "6.13"]
[White "Maurizzi, Marc`Andria"]
[Black "Mendonca, Leon Luke"]
[Result "1/2-1/2"]
[ECO "E11"]
[WhiteElo "2618"]
[BlackElo "2640"]
[Annotator "TA"]
[PlyCount "33"]
[EventDate "2024.05.13"]
[EventType "swiss"]
[EventCountry "UAE"]
[SourceTitle "playchess.com"]
[Source "ChessBase"]
[SourceQuality "1"]
[TimeControl "5400+30"]

1. d4 Nf6 2. c4 e6 3. g3 d5 4. Bg2 Bb4+ 5. Bd2 Be7 6. Nf3 O-O 7. O-O c6 8. Qc2 Nbd7 9. Nc3 {[%emt 0:00:10] The position is equal.} dxc4 10. Ne4 Nxe4 11. Qxe4 b5 12. a4 Bb7 13. axb5 Nf6 14. Qe5 Nd7 15. Qe4 Nf6 16. Qe5 Nd7 17. Qe4 {[%emt 0:01:13] A rather calm draw.   Weighted Error Value: White=0.03 (flawless) /Black=0.00 (flawless) .  OK:         	White=6     	Black=3      Best:        	White=1     	Black=2} 1/2-1/2

[Event "7th Sharjah Masters 2024"]
[Site "Sharjah"]
[Date "2024.05.19"]
[Round "6.14"]
[White "Royal, Shreyas"]
[Black "Puranik, Abhimanyu"]
[Result "1/2-1/2"]
[ECO "D85"]
[WhiteElo "2464"]
[BlackElo "2631"]
[Annotator "TA"]
[PlyCount "68"]
[EventDate "2024.05.13"]
[EventType "swiss"]
[EventCountry "UAE"]
[SourceTitle "playchess.com"]
[Source "ChessBase"]
[SourceQuality "1"]
[TimeControl "5400+30"]

1. d4 Nf6 2. c4 g6 3. Nc3 d5 4. cxd5 Nxd5 5. Bd2 c5 6. Rc1 (6. dxc5 $14 Bg7 7. Rc1) 6... Nc6 7. dxc5 Bg7 8. e4 {[%emt 0:00:00] White is slightly better.} Ndb4 9. a3 Nd3+ 10. Bxd3 Qxd3 11. Nge2 O-O 12. O-O Bg4 {[%emt 0:00:44] [#] Threatens to win with ...Bxc3.} 13. f3 Be6 14. Nf4 Qd4+ 15. Rf2 Qxc5 {[%emt 0:14:48] ...Bd4 is the strong threat.} 16. Ncd5 Qd6 17. Be3 {[%emt 0:00:00] Repels Bd4} Rad8 18. Rd2 {[%emt 0:00:00] White wants to play Nxe6.} Qb8 19. b4 Bxd5 20. exd5 Ne5 21. d6 Rxd6 ({Reject} 21... exd6 22. Nd5 $14) 22. Nd5 Re6 23. Bc5 {[%emt 0:00:00][%cal Of3f4] [#] And now f4! would win.} h5 24. Bxe7 (24. f4 $1 $14 Ng4 25. h3 (25. Nxe7+ Rxe7 26. Bd6 Qe8 $17)) 24... Re8 $11 {[%emt 0:00:00][%cal Ob7b5] The position is equal.} 25. Bh4 Bh6 26. Nf6+ Rxf6 $1 27. Bxf6 b5 (27... Bxd2 {simplifies} 28. Qxd2 Re6 29. Bg5 b5) 28. Bxe5 Qxe5 29. Rd8 $1 Bxc1 30. Rxe8+ Qxe8 31. Qxc1 Qe5 32. h3 Kg7 33. Kf2 h4 34. Qd2 g5 {[%emt 0:00:00] Weighted Error Value: White=0.08 (flawless) /Black=0.04 (flawless) .  Mistake:       	White=1     	---        Inaccurate:     	White=1     	Black=1      OK:         	White=16    	Black=16     Best:        	White=1     	Black=1      Strong:       	White=1     	Black=1} 1/2-1/2

[Event "7th Sharjah Masters 2024"]
[Site "Sharjah"]
[Date "2024.05.19"]
[Round "6.15"]
[White "Deac, Bogdan-Daniel"]
[Black "Adhiban, B.."]
[Result "1-0"]
[ECO "D37"]
[WhiteElo "2693"]
[BlackElo "2523"]
[Annotator "TA"]
[PlyCount "99"]
[EventDate "2024.05.13"]
[EventType "swiss"]
[EventCountry "UAE"]
[SourceTitle "playchess.com"]
[Source "ChessBase"]
[SourceQuality "1"]
[TimeControl "5400+30"]

1. Nf3 d5 2. e3 Nf6 3. c4 e6 4. d4 Be7 5. Nc3 O-O 6. Bd2 dxc4 7. Bxc4 b6 8. e4 Bb7 {[%emt 0:00:06] The position is equal.} 9. Qe2 c5 10. dxc5 Nbd7 11. cxb6 Nxb6 {[%emt 0:01:12] [#]} 12. Bb5 $1 Bb4 13. Rd1 Qc8 14. Bd3 Rd8 15. O-O Rxd3 16. Qxd3 Ba6 {[%emt 0:00:02] [#]} 17. Qb1 Bxf1 $14 18. Rxf1 Nc4 19. Rc1 {[%emt 0:01:01][%cal Oc3e2] Ne2! would now be deadly.} Nxd2 20. Nxd2 Qb7 {[%emt 0:00:48] Prevents Nd5.} 21. Qd3 Ba5 22. Qc2 Rd8 23. h3 h6 24. Re1 Rc8 25. Nb3 Bc7 26. Nd2 Ba5 27. Nb3 Bc7 28. e5 Nd7 29. f4 Nf8 30. Qe4 Qb6+ 31. Kh1 Ng6 32. Rd1 Bb8 (32... Qf2 $11 33. Qb7 Ne7) 33. g3 h5 34. h4 $1 {[%emt 0:01:56] White is more active.} a5 35. Qd4 Qb7+ 36. Qe4 (36. Kh2 {is interesting.} Ba7 37. Qd7 Qa8 38. Nd4) 36... Qb6 37. Qd4 Qb7+ 38. Kh2 $1 Ba7 39. Qd7 (39. Qe4 {simplifies} Qxe4 40. Nxe4 a4 41. Rd7) 39... Rc7 ({Black should try} 39... Qa8 $1 $14) 40. Qd8+ (40. Qd3 $16) 40... Nf8 $1 41. Qd3 $1 $36 {[%emt 0:00:28][%cal Oc3b5][%mdl 2048] Black is under pressure.} (41. Nxa5 $2 Qxb2+ 42. Rd2 Qxc3 $19) 41... Qb4 (41... Rd7 $14 42. Qe2 Rxd1 43. Qxd1 (43. Nxd1 Qb6 $14) 43... Qb6) 42. Qb5 $16 Qe7 $2 {[%emt 0:01:34] This costs Black the game.} (42... Rb7 $16 43. Qa6 (43. Qxa5 Qxa5 44. Nxa5 Rxb2+ 45. Kh3 Rc2 $14) 43... Bb6) 43. Nxa5 $18 {[%emt 0:00:32][%cal Bb3a5,Ba5c6,Bc6d4,Bd4f3,Bf3g5][%mdl 32] Hoping for Rd6.} Be3 44. Nc6 Qe8 (44... Qc5) 45. Nd4 Qe7 46. Nf3 Nd7 (46... Rc8 {was necessary.} 47. Ng5 Rd8 48. Rxd8 Qxd8) 47. Ng5 {[%emt 0:00:26] Threatens to win with Qd3.} g6 48. Qe2 {[%emt 0:00:28] White is clearly winning.} Bb6 49. Nb5 {[%emt 0:00:49] Repels Ra7} Rc5 50. Nd6 {[%emt 0:00:11] Weighted Error Value: White=0.17 (very precise) /Black=0.29 (precise) .  Mistake:       	White=2     	Black=6      Inaccurate:     	White=3     	Black=2      OK:         	White=16    	Black=13     Best:        	White=1     	Black=4      Strong:       	White=4     	Black=1} 1-0

[Event "7th Sharjah Masters 2024"]
[Site "Sharjah"]
[Date "2024.05.19"]
[Round "6.16"]
[White "Radjabov, Teimour"]
[Black "Nesterov, Arseniy"]
[Result "1-0"]
[ECO "C43"]
[WhiteElo "2723"]
[BlackElo "2590"]
[Annotator "TA"]
[PlyCount "73"]
[EventDate "2024.05.13"]
[EventType "swiss"]
[EventCountry "UAE"]
[SourceTitle "playchess.com"]
[Source "ChessBase"]
[SourceQuality "1"]
[TimeControl "5400+30"]

1. e4 e5 2. Nf3 Nf6 3. d4 Nxe4 4. Bd3 d5 5. Nxe5 Nd7 6. Nc3 Nxc3 7. bxc3 Bd6 8. O-O O-O 9. Re1 c5 10. Qf3 c4 11. Bf5 Nxe5 {[%emt 0:00:30] The position is equal.} 12. dxe5 {[%emt 0:00:30] aiming for Bxc8.} Re8 13. Bf4 {[%emt 0:00:30] Bxc8 is the strong threat.} (13. Qxd5 $2 Bxf5 14. h3 Qd7 $19) 13... Bf8 14. Bxc8 $40 {[%emt 0:00:30][%mdl 128] White mounts an attack.} Rxc8 15. Re2 Rc5 16. h3 h6 17. Rd1 Qd7 18. Red2 Rd8 19. Be3 Ra5 {[%emt 0:00:30][%cal Od7e6] [#]} 20. Bxa7 $1 Qe6 {[%emt 0:00:30] Prevents Bb6} (20... Rxa7 $2 21. Rxd5 b5 22. Rxd7 $18) (20... Qc6 21. Bd4) 21. Bd4 Rxa2 22. Rb1 Qc6 23. Rb6 Qd7 24. Rd1 $1 {[%emt 0:00:30][%cal Bd2d1,Bd1b1,Bb1b6,Bb6h6,Bh6h4][%mdl 32] Prevents Ra1} Ra6 25. Rdb1 {[%emt 0:00:30] White has more active pieces.} Rxb6 26. Rxb6 Ra8 (26... Re8 $14) 27. Qg4 $1 $16 Qc7 28. Rxh6 g6 29. Rh4 $1 Be7 {[%emt 0:00:30] [#] Repels g3. This costs Black the game.} (29... Bg7 $16 {was worth a try.}) 30. Rh5 $1 $18 Bf6 31. f4 $1 (31. exf6 $2 Ra1+) 31... Bg7 32. Rg5 {[%emt 0:00:30] Hoping for f5.} Bh6 $2 {[%emt 0:00:30] [#]} (32... Ra1+ {was necessary.} 33. Kh2 Rf1) 33. e6 $1 Bxg5 (33... Kf8 $142 34. Re5 (34. Rxd5 Ra1+ 35. Kf2 Qxf4+ 36. Qxf4 Bxf4 $18) 34... Bg7 35. e7+ (35. Rxd5 fxe6 36. Rg5 e5 $18) 35... Ke8) 34. Qxg5 {[%emt 0:00:30] Threatening mate with Qf6.} Kf8 35. Qf6 {[%emt 0:00:30] White wants to mate with Qg7+.} (35. Qxd5 $2 {loses.} Ra1+ (35... Qxf4 $2 {perishes.} 36. e7+ Ke8 37. Qb5+ Kxe7 38. Qxb7+ Kd6 39. Qxa8 $18) 36. Kf2 Qxf4+ 37. Qf3 Qxf3+ 38. Kxf3 fxe6 $19) 35... Ra1+ 36. Kh2 Ke8 {[#]} 37. Bc5 $1 {[%emt 0:00:30][%mdl 512] Weighted Error Value: White=0.03 (flawless) /Black=0.36.  Mistake:       	---       	Black=4      Inaccurate:     	White=1     	Black=2      OK:         	White=6     	Black=9      Best:        	White=4     	Black=2      Strong:       	White=6     	---        Brilliant:      	White=1     	---} 1-0

[Event "7th Sharjah Masters 2024"]
[Site "Sharjah"]
[Date "2024.05.19"]
[Round "6.17"]
[White "Dudin, Gleb"]
[Black "Artemiev, Vladislav"]
[Result "0-1"]
[ECO "E24"]
[WhiteElo "2554"]
[BlackElo "2705"]
[Annotator "TA"]
[PlyCount "84"]
[EventDate "2024.05.13"]
[EventType "swiss"]
[EventCountry "UAE"]
[SourceTitle "playchess.com"]
[Source "ChessBase"]
[SourceQuality "1"]
[TimeControl "5400+30"]

1. d4 Nf6 2. c4 e6 3. Nc3 Bb4 4. a3 Bxc3+ 5. bxc3 Nc6 6. f3 b6 7. e4 h6 8. Bd3 {[%emt 0:01:10] The position is equal.} Na5 9. Nh3 d6 10. O-O Ba6 11. f4 Nd7 12. e5 Qe7 (12... Nxc4 $2 13. Qa4 $18) 13. c5 Bxd3 14. cxd6 cxd6 15. Qxd3 {[%emt 0:00:06] aiming for a4.} Nb3 16. Rb1 Nxc1 17. Rbxc1 O-O 18. Qb5 dxe5 19. fxe5 f6 20. exf6 Rxf6 21. Qc6 Raf8 22. Qc7 Qf7 23. Rxf6 Nxf6 24. Qxf7+ Kxf7 $11 {[%emt 0:00:06][%mdl 4096] Endgame. KRN-KRN} 25. Nf4 Rc8 26. Nd3 Ke8 27. a4 Ne4 28. c4 Rd8 29. Nf4 Ke7 30. Ne2 Rc8 31. h3 e5 32. dxe5 Ke6 33. a5 Nd2 (33... bxa5 34. Ra1 $11) (33... Kxe5 $15 34. axb6 axb6) 34. axb6 axb6 35. c5 bxc5 $17 {[%emt 0:00:31] Black is more active.} ({Reject} 35... Rxc5 36. Nf4+ Kf5 (36... Kxe5 37. Nd3+ Kd4 38. Nxc5 $11) 37. Rxc5 bxc5 38. e6 $11) 36. Rc2 (36. Ra1 $17 {was called for.}) 36... Ne4 $19 37. Nd4+ Kxe5 (37... cxd4 38. Rxc8 Kxe5 39. Rd8 $18) 38. Nf3+ Kf4 39. Rc4 Ke3 {[%emt 0:00:35] Dodges Nd2} 40. Ne5 Re8 41. Nd7 (41. Nf3 {is a better defense.}) 41... Kd3 42. Rc1 (42. Ra4 $142 c4 43. Nb6) 42... c4 {[%emt 0:00:11] Weighted Error Value: White=0.23 (precise) /Black=0.08 (flawless) .  Mistake:       	White=4     	Black=1      Inaccurate:     	White=2     	Black=3      OK:         	White=14    	Black=14     Best:        	White=1     	Black=5} 0-1

[Event "7th Sharjah Masters 2024"]
[Site "Sharjah"]
[Date "2024.05.19"]
[Round "6.18"]
[White "Esipenko, Andrey"]
[Black "Vokhidov, Shamsiddin"]
[Result "0-1"]
[ECO "B40"]
[WhiteElo "2704"]
[BlackElo "2592"]
[Annotator "TA"]
[PlyCount "98"]
[EventDate "2024.05.13"]
[EventType "swiss"]
[EventCountry "UAE"]
[SourceTitle "playchess.com"]
[Source "ChessBase"]
[SourceQuality "1"]
[TimeControl "5400+30"]

1. e4 c5 2. Nf3 e6 3. c3 Nf6 4. Bd3 d5 5. e5 Nfd7 6. Bc2 c4 7. O-O Nc6 8. Re1 {[%emt 0:00:30] The position is equal.} g5 9. b3 g4 10. Nd4 Ncxe5 11. bxc4 dxc4 12. d3 cxd3 (12... Nxd3 {keeps more tension.} 13. Bxd3 cxd3 14. Qxg4 Nc5) 13. Bxd3 a6 14. Bf1 {[%emt 0:00:30][%mdl 1024] White has compensation.} Be7 15. Nd2 Qc7 {[%emt 0:00:30][%cal Ob7b6] Repels Nc4} 16. Ne4 b6 17. Bf4 h5 18. Nd2 {[%emt 0:00:30] aiming for Re3.} Bd6 (18... Ra7 $1 $11 {remains equal.}) 19. Ne4 $2 {[%emt 0:00:30] [#]} (19. Nc4 $1 $16 {[%cal Od4e6] is forced if you want to stay better. Nxe6! is the strong threat.} Nf3+ (19... Nxc4 20. Nxe6 fxe6 21. Rxe6+ Kf7 22. Rxd6 $16) 20. Qxf3 gxf3 21. Nxd6+ Kf8 22. Rxe6 (22. gxf3 $2 Nc5 $19)) 19... Nf3+ $1 $17 20. Qxf3 (20. Nxf3 Bxf4) 20... Bxf4 (20... gxf3 21. Nxd6+ Kf8 22. Rxe6 $14 (22. gxf3 $2 e5 $19)) 21. Nd6+ Bxd6 22. Qxa8 O-O 23. Bxa6 {[%emt 0:00:30] [#]} (23. Qc6 $17) 23... Nc5 $1 $19 24. Nb5 Bxh2+ 25. Kh1 {[%emt 0:00:30] [#]} Qe7 {[%emt 0:00:30][%cal Oe7h4] And now ...Qh4! would win.} 26. Kxh2 (26. Bxc8 Qh4 27. Red1 Bg3+ 28. Kg1 Bxf2+ 29. Kf1 Be3 $19) 26... Bxa6 27. Qc6 Nd3 $36 {[%emt 0:00:30][%csl LRe1,LRf2][%mdl 2048] White is under strong pressure.} 28. Qxb6 $2 {[%emt 0:00:30][%mdl 8192] This costs White the game.} (28. Kg1 $17 {is a better defense.}) 28... Bxb5 29. Re4 Qg5 (29... Bc6 $142 30. Qxc6 Qh4+ (30... Nxf2 31. Rd4 $15) 31. Kg1 Qxf2+ (31... Nxf2 32. Rd4 $15) 32. Kh1 Nf4 33. Rxf4 Qxf4) 30. Kg1 $2 (30. a4 Nc5 31. Rb4) 30... Rc8 31. a4 Bc6 32. Qa6 $2 (32. Qe3 Qxe3 33. Rxe3) 32... Bxe4 33. Qxc8+ Kg7 (33... Kh7 $142 34. Qd7 Qf5) 34. Qc4 Qf5 35. Qd4+ Kh7 {[%emt 0:00:30][%cal Oe4g2] White must now prevent ...Bxg2!} 36. Qe3 Nf4 37. Re1 Bxg2 38. Qe5 Qxe5 39. Rxe5 h4 40. Kh2 Bf3 {[%emt 0:00:30] ( -> ...Kg6)} 41. a5 Kg6 42. Re3 Ba8 43. a6 Nh3 {[%emt 0:00:30] Black mates.} 44. f3 {[%emt 0:00:30] [#]} gxf3 $1 45. Re1 Nf2 46. Rg1+ Kf5 47. Rg8 Ng4+ 48. Kg1 f2+ 49. Kf1 Be4 {[%emt 0:00:30] Weighted Error Value: White=0.89/Black=0.47.  Loses game:     	White=1     	---        Mistake:       	White=5     	Black=2      OK:         	White=8     	Black=10     Best:        	White=6     	Black=4      Strong:       	---       	Black=1      Brilliant:      	---       	Black=1} 0-1

[Event "7th Sharjah Masters 2024"]
[Site "Sharjah"]
[Date "2024.05.19"]
[Round "6.19"]
[White "Can, Emre"]
[Black "Sadhwani, Raunak"]
[Result "1/2-1/2"]
[ECO "E10"]
[WhiteElo "2549"]
[BlackElo "2654"]
[Annotator "TA"]
[PlyCount "71"]
[EventDate "2024.05.13"]
[EventType "swiss"]
[EventCountry "UAE"]
[SourceTitle "playchess.com"]
[Source "ChessBase"]
[SourceQuality "1"]
[TimeControl "5400+30"]

1. d4 Nf6 2. c4 e6 3. Nf3 h6 4. g3 Bb4+ 5. Bd2 Be7 6. Bg2 O-O 7. O-O d5 8. Qc2 {[%emt 0:00:30] White has an edge.} c6 9. Bf4 Nbd7 10. Rd1 a5 11. Nc3 dxc4 12. Nd2 Nb6 13. e4 {[%emt 0:00:30][%mdl 1024] Wards off Nfd5. White has compensation.} Bd7 14. Nf3 Be8 15. Qe2 Rc8 16. Ne5 Bd6 17. Be3 ({Reject} 17. Nxc4 Nxc4 18. e5 Nd5 $11) 17... Bb8 18. Rac1 Qe7 19. Nxc4 Nxc4 20. Qxc4 Ba7 21. h3 Bd7 22. Qe2 Rfd8 23. Na4 Be8 24. Nc5 Nh7 25. e5 f5 26. f4 Nf8 27. Kh2 Ra8 28. Bf3 Kh8 29. a3 Bf7 30. b4 axb4 31. axb4 Bb6 32. Qb2 Rab8 33. Rd2 Be8 34. Qb3 {[%emt 0:00:30] White is much more active.} Ra8 35. Rdc2 Ra7 36. Ra2 {[%emt 0:00:30] Weighted Error Value: White=0.06 (flawless) /Black=0.09 (flawless) .  Inaccurate:     	White=2     	Black=4      OK:         	White=14    	Black=11} 1/2-1/2